 Dungeon Crawl Stone Soup version 0.18.1-8-gdd0e5ea (webtiles) character file.

2250 Kri the Digger (level 9, 0/50 HPs)
             Began as a Gargoyle Earth Elementalist on May 22, 2016.
             Was an Initiate of Vehumet.
             Killed from afar by an orc wizard (12 damage)
             ... with a magic dart
             ... on level 7 of the Dungeon.
             The game lasted 00:23:01 (7872 turns).

Kri the Digger (Gargoyle Earth Elementalist)        Turns: 7872, Time: 00:23:02

Health: 0/50       AC: 13    Str: 11    XL:     9   Next: 37%
Magic:  19/19      EV: 12    Int: 20    God:    Vehumet [......]
Gold:   249        SH:  6    Dex: 10    Spells: 3 memorised, 13 levels left

rFire  + . .     SeeInvis .     m - +0 lajatang
rCold  . . .     Gourm    .     D - +2 robe {rF+}
rNeg   + . .     Faith    .     (shield currently unavailable)
rPois  ∞         Spirit   .     u - +2 helmet
rElec  +         Dismiss  .     (no cloak)
rCorr  .         Reflect  +     (no gloves)
SustAt .         Harm     .     (no boots)
MR     .....                    n - +6 amulet of reflection
Stlth  +++.......               (no ring)
                                y - ring of stealth

@: not resistant to hostile enchantments, fairly stealthy
A: negative energy resistance 1, electricity resistance, unbreathing,
petrification resistance, rot immunity, AC +5
a: Renounce Religion


You were on level 7 of the Dungeon.
You worshipped Vehumet.
Vehumet was noncommittal.
You were hungry.

You visited 2 branches of the dungeon, and saw 8 of its levels.

You collected 249 gold pieces.

Inventory:

Hand Weapons
 f - a +0 dagger
 h - a +0 club
 l - a +0 whip
 m - a +0 lajatang (weapon)
 r - a +3 trident
 v - a +0 hand axe
 w - a +0 dagger of electrocution
 C - a +1 whip of freezing
Missiles
 b - 144 stones (quivered)
 g - 5 silver tomahawks
Armour
 j - a +1 hat
 o - a +0 buckler
 u - a +2 helmet (worn)
 D - a +2 robe of fire resistance (worn)
Jewellery
 n - a +6 amulet of reflection (around neck)
 y - a ring of stealth (left hand)
Wands
 e - a wand of polymorph (5/24)
Scrolls
 i - a scroll of identify
 p - 2 scrolls of amnesia
 B - a scroll of fog
 E - a scroll of fear
Potions
 a - a potion of flight
 q - a potion of resistance
 z - 4 potions of curing
 A - a potion of brilliance
Books
 c - a book of Geomancy

   Spells                             Type                      Level
   a - Sandblast                      Earth                        1
   b - Passwall                       Transmutation/Earth          2
   c - Stone Arrow                    Conjuration/Earth            3
   d - Petrify                        Transmutation/Earth          4
   e - Lee's Rapid Deconstruction     Earth                        5
 s - a Fen Folio

   Spells                             Type                      Level
   a - Corpse Rot                     Necromancy                   2
   b - Stone Arrow                    Conjuration/Earth            3
   c - Leda's Liquefaction            Hexes/Earth                  4
   d - Summon Forest                  Summoning/Translocation      5
   e - Hydra Form                     Transmutation                6
   f - Summon Hydra                   Summoning                    7
Comestibles
 d - 5 bread rations
 t - 4 meat rations
 x - a beef jerky


   Skills:
 + Level 3.1 Fighting
 + Level 2.8 Staves
 + Level 3.2 Armour
 + Level 3.0 Dodging
 - Level 2.1 Stealth
 * Level 7.1 Spellcasting
 + Level 5.1 Conjurations
   Level 0.7 Transmutations
 + Level 7.3 Earth Magic


You had 13 spell levels left.
You knew the following spells:

 Your Spells              Type           Power        Failure   Level  Hunger
a - Sandblast             Erth           #####.       1%          1    None
b - Stone Arrow           Conj/Erth      ####..       1%          3    #......
c - Lee's Rapid Deconstr  Erth           #####.....   14%         5    #####..


Dungeon Overview and Level Annotations

Branches:
Dungeon (7/15)             Temple (1/1) D:5

Altars:
Ashenzari
Cheibriados
Dithmenos
Elyvilon
Kikubaaqudgha
Nemelex Xobeh
Okawaru
Pakellas
Qazlal
Ru
Sif Muna
Trog
Vehumet
Yredelemnul
Zin
The Shining One


Innate Abilities, Weirdness & Mutations

You are resistant to torment.
Your stone body is resilient (AC +5).
You are immune to poison.
You resist negative energy.
You are resistant to electric shocks.
You can survive without breathing.
You are immune to petrification.
You are immune to rotting.


Message History

You feel less confused. Something hits you but does no damage.
You miss something. Something hits you. x2
You miss something. Something hits you.
You miss something.
You hear some strange, mumbled words.
A magic dart appears from out of thin air!
The magic dart hits you!
* * * LOW HITPOINT WARNING * * *
You closely miss something. Something hits you but does no damage.
You closely miss something. You block something's attack.
You miss something. Something hits you but does no damage.
Something completely misses you.
You miss something. Something hits you but does no damage.
You miss something. You block something's attack.
You barely miss something.
You hear some strange, mumbled words.
A magic dart appears from out of thin air!
The magic dart hits you!
You die...

#...........
#...........
#..#.#......
##.)#.......(
#...##......
##.#.# #.#..
##..#.# .# .
####..##.# ..#
#.....##@####..#
#.....##{#....#
#......)...#
#....>##.##.....
#.....##.# ....
#.....##........
#.....#.........
#.....#.........
#######.........


There were no monsters in sight!

Vanquished Creatures
  Pikel (D:5)
  Sigmund (D:2)
  An ice beast (D:6)
  An orc warrior (D:6)
  A black bear (D:6)
  A phantom (D:6)
  An ogre (D:4)
  2 centaurs
  2 giant frogs
  A water moccasin skeleton (D:6)
  3 hounds (D:6)
  6 orc priests
  3 giant frog skeletons (D:4)
  Jessica (D:5)
  7 orc wizards
  4 worker ants
  A hound skeleton (D:4)
  9 adders
  A shadow imp (D:6)
  An ooze (D:6)
  2 adder zombies (D:5)
  A worm (D:4)
  A dart slug (D:1)
  6 giant geckos
  18 orcs
  7 giant cockroaches
  8 goblins
  8 hobgoblins
  7 jackals
  6 kobolds
  2 quokkas
  2 ball pythons
  11 bats
  6 giant newts
  A quokka skeleton (D:3)
  6 rats
140 creatures vanquished.

Notes
Turn   | Place    | Note
--------------------------------------------------------------
     0 | D:1      | Kri the Gargoyle Earth Elementalist began the quest for the Orb.
     0 | D:1      | Reached XP level 1. HP: 10/10 MP: 3/3
    97 | D:1      | Reached XP level 2. HP: 11/15 MP: 5/5
   834 | D:1      | Reached XP level 3. HP: 19/19 MP: 5/7
   839 | D:1      | Learned a level 3 spell: Stone Arrow
  1195 | D:2      | Noticed Sigmund
  1788 | D:2      | Killed Sigmund
  1788 | D:2      | Reached XP level 4. HP: 6/24 MP: 5/10
  1788 | D:2      | Reached XP level 5. HP: 7/28 MP: 5/11
  2078 | D:2      | Reached skill level 5 in Earth Magic
  2251 | D:3      | Reached XP level 6. HP: 32/32 MP: 9/12
  2717 | D:3      | Learned a level 5 spell: Lee's Rapid Deconstruction
  2729 | D:3      | Reached skill level 5 in Spellcasting
  2737 | D:3      | Reached XP level 7. HP: 36/36 MP: 14/14
  4399 | D:5      | Entered Level 5 of the Dungeon
  4432 | D:5      | Reached XP level 8. HP: 42/42 MP: 16/16
  4674 | D:5      | Found a sparkling altar of Nemelex Xobeh.
  4674 | D:5      | Noticed Jessica
  4679 | D:5      | Killed Jessica
  4878 | D:5      | Noticed Pikel
  4890 | D:5      | Killed Pikel
  4890 | D:5      | Reached skill level 1 in Staves
  4890 | D:5      | Reached skill level 1 in Armour
  4999 | D:5      | Found a staircase to the Ecumenical Temple.
  5006 | Temple   | Entered the Ecumenical Temple
  5014 | Temple   | Became a worshipper of Vehumet
  6221 | D:6      | Reached XP level 9. HP: 21/49 MP: 8/18
  6243 | D:6      | Reached skill level 5 in Conjurations
  7872 | D:7      | Killed from afar by an orc wizard

Skill      XL: |  1  2  3  4  5  6  7  8  9 |
---------------+----------------------------+-----
Earth Magic    | 4 5 6 7 |  7.3
Spellcasting   | 4 5 6 7 |  7.1
Conjurations   | 2 3 4 5 |  5.1
Fighting       | 2 3 |  3.1
Staves         | 2 |  2.8
Armour         | 2 3 |  3.2
Dodging        | 2 3 |  3.0
Stealth        | |  2.1
Transmutations | |  0.7

Action                   |  1- 3 |  4- 6 |  7- 9 || total
-------------------------+-------+-------+-------++-------
Melee: Dagger            |    43 |    86 |    66 ||   195
       Unarmed           |    14 |       |       ||    14
       Lajatang          |       |       |   260 ||   260
 Cast: Sandblast         |    39 |    24 |     6 ||    69
       Stone Arrow       |       |     6 |    31 ||    37
  Use: Potion            |     2 |     2 |     2 ||     6
       Scroll            |       |     7 |    12 ||    19
 Stab: Sleeping          |       |     2 |     3 ||     5
       Distracted        |       |       |     2 ||     2
  Eat: Chunk             |     3 |     3 |    17 ||    23
Armor: Robe              |    13 |    50 |   157 ||   220
Dodge: Dodged            |    44 |    93 |   202 ||   339
Block: Other             |       |       |   100 ||   100
       Reflection        |       |       |     3 ||     3
